 Dungeon Crawl Stone Soup version 0.31-a0-174-g85c54bcb58 (webtiles) character file.

Game seed: 16674865056903836047

753 qw the Skirmisher (level 7, 0/44 HPs)
             Began as a Gargoyle Hunter on June 15, 2023.
             Was an Initiate of Okawaru.
             Slain by a sleepcap (2 damage)
             ... on level 6 of the Dungeon.
             The game lasted 00:01:40 (3322 turns).

qw the Skirmisher (Gargoyle Hunter)                 Turns: 3322, Time: 00:01:40

Health: 0/44       AC:  9    Str: 25    XL:     7   Next: 78%
Magic:  6/7        EV: 12    Int:  9    God:    Okawaru [......]
Gold:   214        SH:  0    Dex: 15    Spells: 6/6 levels left

rFire   . . .        Y - +0 shortbow
rCold   + . .        (shield currently unavailable)
rNeg    + + +        k - +2 robe "Vybump" {rN+ Str+4 SInv}
rPois   inf          (no helmet)
rElec   +            d - +0 cloak
rCorr   .            (no gloves)
SInv    +            (no boots)
Will    .....        (no amulet)
Stlth   ++           f - ring "Aseabad" {rC+ rN+}
HPRegen 0.27/turn    g - +6 ring of strength
MPRegen 0.10/turn

%: no passive effects
@: no status effects
A: sickness immunity, AC +4, negative energy resistance 1, electricity
resistance, torment resistance 1, petrification resistance
a: Renounce Religion


You were on level 6 of the Dungeon.
You worshipped Okawaru.
Okawaru was noncommittal.
You visited 2 branches of the dungeon, and saw 7 of its levels.

You collected 304 gold pieces.
You spent 90 gold pieces at shops.


Innate Abilities, Weirdness & Mutations

You are immune to sickness and miasma.
Your stone body is resilient. (AC +4)
You are immune to poison.
You resist negative energy. (rN+)
You are resistant to electric shocks. (rElec)
You are resistant to unholy torment.
You are immune to petrification.


   Skills:
 + Level 4.7 Fighting
 - Level 8.2 Ranged Weapons
 - Level 1.0 Armour
 - Level 2.0 Dodging
 - Level 1.1 Stealth


You had 6 spell levels left.
You didn't know any spells.
Your spell library was empty.

Inventory:

Hand Weapons
 Y - a +0 shortbow (weapon)
Armour
 d - a +0 cloak (worn)
 k - the +2 robe "Vybump" (worn) {rN+ Str+4 SInv}
   (You found it on level 5 of the Dungeon)

   Str:       It affects your strength (+4).
   rN:        It protects you from negative energy.
   SInv:      It lets you see invisible.
 l - a +1 leather armour of cold resistance
Jewellery
 f - the ring "Aseabad" (left hand) {rC+ rN+}
   (You found it on level 2 of the Dungeon)

   [ring of protection from cold]

   rC:        It protects you from cold.
   rN:        It protects you from negative energy.
 g - a +6 ring of strength (right hand)
Scrolls
 e - 2 scrolls of identify
 j - 2 scrolls of enchant armour {unknown}
Potions
 a - 3 potions of haste
 b - 6 potions of curing
 c - a potion of berserk rage {unknown}
 h - a potion of lignification {unknown}
 i - 2 potions of attraction

Dungeon Overview and Level Annotations

Branches:
Dungeon (6/15)             Temple (1/1) D:4

Altars:
Cheibriados
Dithmenos
Elyvilon
Fedhas
Gozag
Hepliaklqana
Kikubaaqudgha
Makhleb
Nemelex Xobeh
Okawaru
Qazlal
Trog
Vehumet
Wu Jian
Xom
Yredelemnul
Zin
The Shining One

Shops:
D:3 !*   D:5 *


Message History

The ufetubus hits you but does no damage.
The ufetubus closely misses you.
You shoot an arrow. The arrow hits the ufetubus.
The ufetubus is moderately wounded.
The ufetubus barely misses you.
The ufetubus hits you but does no damage.
The adder bites you but does no damage.
You shoot an arrow.
The arrow hits the ufetubus but does no damage.
The ufetubus is moderately wounded.
The ufetubus hits you but does no damage.
The ufetubus misses you. The adder bites you but does no damage.
You shoot an arrow. The arrow closely misses the ufetubus.
The ufetubus closely misses you.
The ufetubus hits you but does no damage.
The adder bites you but does no damage.
You shoot an arrow.
The arrow hits the ufetubus but does no damage.
The ufetubus is moderately wounded.
The ufetubus hits you but does no damage.
The ufetubus misses you. The adder misses you.
You shoot an arrow. The arrow hits the ufetubus!
You kill the ufetubus!
Okawaru accepts your kill. The adder misses you.
You shoot an arrow.
The arrow hits the sleepcap but does no damage.
The adder barely misses you. The sleepcap barely misses you.
You shoot an arrow. The arrow hits the sleepcap!
The sleepcap is heavily damaged.
The adder bites you but does no damage.
You shoot an arrow. The arrow hits the sleepcap!
The sleepcap is severely damaged.
The sleepcap completely misses you. The adder bites you.
You shoot an arrow.
The arrow hits the sleepcap but does no damage.
The sleepcap is severely damaged.
You feel like a meek peon again. The sleepcap releases spores at you.
You die...

....... #. #.# .......
... ..##.# ..........
.?.. #.##.# ..........
/.# #....##...........
.....##..#...........
.#.##.#.##..............
......fS...#............
.##.###@##..............
...........##...........
#.###.####.#............
###.####.#............
.........#............
......................
#######.###...........
#.# #........... #.#
############


You could see a sleepcap and an adder.

Vanquished Creatures
  An ogre (D:4)
  A black bear (D:6)
  A scorpion (D:6)
  2 jellies (D:5)
  2 hounds (D:5)
  2 orc priests (D:3)
  A sleepcap (D:6)
  3 iguanas
  8 gnolls
  4 adders
  A shadow imp (D:5)
  A white imp (D:6)
  3 ufetubi
  A dart slug (D:2)
  15 orcs
  5 ball pythons
  9 endoplasms
  A giant cockroach (D:1)
  5 goblins
  2 hobgoblins (D:3)
  9 quokkas
  3 bats
  A frilled lizard (D:3)
  5 kobolds
  4 rats (D:3)
90 creatures vanquished.

Notes
Turn   | Place    | Note
-------+----------+-------------------------------------------
     0 | D:1      | qw the Gargoyle Hunter began the quest for the Orb.
     0 | D:1      | Reached XP level 1. HP: 12/12 MP: 1/1
     0 | D:1      | 0 ||| qw: Version: 0.2-a-29-g511e9b1
     0 | D:1      | 0 ||| qw: Game counter: 5418
     0 | D:1      | 0 ||| qw: Always use a shield: true
     0 | D:1      | 0 ||| qw: God list: Okawaru
     0 | D:1      | 0 ||| qw: Allow faded altars: false
     0 | D:1      | 0 ||| qw: Do Orc after D:15 true
     0 | D:1      | 0 ||| qw: Do second Lair branch before Depths: true
     0 | D:1      | 0 ||| qw: Lair rune preference: random
     0 | D:1      | 0 ||| qw: Plans: Normal, Zot:1-4, Slime:5, God:TSO, Crypt,
                  | Tomb, Abyss, Pan, Hells, Win
     0 | D:1      | 0 ||| PLANNING D:1-11
   143 | D:1      | Reached XP level 2. HP: 17/17 MP: 2/2
   301 | D:1      | Reached XP level 3. HP: 14/21 MP: 3/3
   379 | D:1      | Reached skill level 5 in Ranged Weapons
   464 | D:1      | 464 ||| READING scroll labelled OFFYCV FUGGI.
   465 | D:1      | 465 ||| READING 2 scrolls labelled IKENUIMIQE.
   468 | D:1      | 468 ||| READING scroll labelled TUGHIP TOAVE.
   469 | D:1      | 469 ||| READING scroll labelled SOL VOEHARUKODD.
   470 | D:1      | 470 ||| READING scroll labelled EMAMAA QEADGH.
   471 | D:1      | 471 ||| READING scroll labelled HEXYRIOLIST.
   572 | D:1      | 572 ||| DROPPING scroll of butterflies.
   695 | D:2      | Identified the ring "Aseabad" {rC+ rN+}
   740 | D:2      | Found a blossoming altar of Fedhas.
   923 | D:2      | Reached skill level 3 in Fighting
  1064 | D:2      | Reached XP level 4. HP: 28/28 MP: 4/4
  1185 | D:2      | 1185 ||| UPGRADING to +0 cloak.
  1190 | D:2      | 1190 ||| UPGRADING to ring "Aseabad" {rC+ rN+}.
  1191 | D:2      | 1191 ||| UPGRADING to +6 ring of strength.
  1305 | D:3      | Found an opulent altar of Gozag.
  1311 | D:3      | Found Gozag's Platinum Reserve.
  1329 | D:3      | 1329 ||| SHOPLISTING +0 ring mail of Broken Taboos {rPois
                  | rN+ Int-5 SInv} (1310 gold, have 66).
  1329 | D:3      | 1329 ||| SHOPLISTING ring "Medant" {Dex+6 Stlth+} (4580
                  | gold, have 66).
  1329 | D:3      | 1329 ||| SHOPLISTING ring "Zileosch" {rPois Will+ Str-5
                  | Int+2 Stlth+} (3270 gold, have 66).
  1410 | D:3      | Found Onacid's Distillery.
  1421 | D:3      | 1421 ||| BUYING potion of attraction (30 gold).
  1421 | D:3      | Bought a potion of attraction for 30 gold pieces
  1421 | D:3      | 1421 ||| BUYING potion of curing (30 gold).
  1421 | D:3      | Bought a potion of curing for 30 gold pieces
  1421 | D:3      | 1421 ||| BUYING potion of curing (30 gold).
  1421 | D:3      | Bought a potion of curing for 30 gold pieces
  1421 | D:3      | 1421 ||| SHOPLISTING potion of heal wounds (50 gold, have
                  | 1).
  1421 | D:3      | 1421 ||| SHOPLISTING potion of lignification (30 gold, have
                  | 1).
  1421 | D:3      | 1421 ||| SHOPLISTING potion of mutation (80 gold, have 1).
  1470 | D:3      | 1470 ||| Stepping ~*~*~tactically~*~*~ (outnumbered).
  1472 | D:3      | 1472 ||| Stepping ~*~*~tactically~*~*~ (outnumbered).
  1526 | D:3      | Reached skill level 6 in Ranged Weapons
  1526 | D:3      | Reached XP level 5. HP: 32/32 MP: 5/5
  1645 | D:3      | 1645 ||| UPGRADING to +0 ring mail.
  1655 | D:3      | 1655 ||| DROPPING +0 leather armour.
  1656 | D:3      | 1656 ||| UPGRADING to +1 leather armour of cold resistance.
  1666 | D:3      | 1666 ||| DROPPING +0 ring mail.
  1667 | D:3      | 1667 ||| READING scroll labelled NINOSOMPAY.
  1668 | D:3      | 1668 ||| DRINKING 2 bubbling ruby potions.
  1669 | D:3      | 1669 ||| DROPPING potion of degeneration.
  1848 | D:4      | Reached skill level 1 in Armour
  1906 | D:4      | Noticed an ogre
  1907 | D:4      | 1907 ||| READING scroll labelled FIFIP LOAD.
  1908 | D:4      | 1908 ||| DRINKING 2 coppery potions.
  1930 | D:4      | Killed an ogre
  1931 | D:4      | Reached XP level 6. HP: 31/39 MP: 6/6
  2026 | D:4      | HP: 8/39 [gnoll/+0 flail (7)]
  2027 | D:4      | 2027 ||| READING scroll of teleportation.
  2196 | D:4      | Found a staircase to the Ecumenical Temple.
  2197 | D:4      | 2197 ||| PLANNING TEMPLE
  2197 | D:4      | 2197 ||| READING scroll labelled QECU APSUDO.
  2204 | Temple   | Entered the Ecumenical Temple
  2222 | Temple   | 2222 ||| PLANNING OKAWARU WORSHIP
  2251 | Temple   | Became a worshipper of Warmaster Okawaru
  2252 | Temple   | 2252 ||| PLANNING D:1-11
  2416 | D:5      | Entered Level 5 of the Dungeon
  2477 | D:5      | Found a shadowy altar of Dithmenos.
  2586 | D:5      | Identified the +2 robe "Vybump" {rN+ Str+4 SInv}
  2636 | D:5      | Found Omotuoll's Elemental Accessories.
  2649 | D:5      | Reached skill level 7 in Ranged Weapons
  2649 | D:5      | Reached XP level 7. HP: 27/44 MP: 7/7
  3037 | D:5      | 3037 ||| UPGRADING to +2 robe "Vybump" {rN+ Str+4 SInv}.
  3047 | D:5      | 3047 ||| READING scroll labelled TYBUFR TEMMAZI.
  3211 | D:6      | 3211 ||| FLEEEEING.
  3212 | D:6      | 3212 ||| FLEEEEING.
  3213 | D:6      | 3213 ||| FLEEEEING.
  3214 | D:6      | 3214 ||| FLEEEEING.
  3307 | D:6      | HP: 8/44 [black bear (6)]
  3308 | D:6      | Reached * piety under Okawaru
  3309 | D:6      | Reached skill level 8 in Ranged Weapons
  3309 | D:6      | 3309 ||| INVOKING Heroism.
  3309 | D:6      | HP: 2/44 [ufetubus (2)]
  3321 | D:6      | HP: 1/44 [adder (2)]
  3322 | D:6      | Slain by a sleepcap

Levels and vault maps discovered:
D:1:      ncdulo_lavacross, layout_rooms
D:2:      layout_basic, basic_altar
D:3:      layout_rooms, nicolae_gozag_zags_fifth_avenue, serial_shops, shop,
          minmay_gold_behind_fungi
D:4:      layout_rooms, minmay_temple_entry_tees, reono_crystal_passage,
          bh_walls_and_bars
D:5:      layout_basic, grunt_dithmenos_smoke, nicolae_elemental_shop
D:6:      layout_basic, nicolae_uskayaw_dance_studio, minmay_diced_spiral,
          uniq_eustachio, uniq_blork_the_orc
Temple:   hellmonk_temple_of_storms

Skill      XL: |  1  2  3  4  5  6  7 |
---------------+----------------------+-----
Ranged Weapons | 5 6 7 8 |  8.2
Fighting       | 3 4 |  4.7
Armour         | 1 |  1.0
Dodging        | 2 |  2.0
Stealth        | |  1.1

Action                     |  1- 3 |  4- 6 |  7- 9 || total
---------------------------+-------+-------+-------++-------
   Fire: Shortbow          |   126 |   210 |    73 ||   409
 Invoke: Heroism           |       |       |     1 ||     1
    Use: Scroll            |     6 |     4 |     1 ||    11
         Potion            |       |     2 |       ||     2
 Armour: Leather armour    |    34 |    35 |       ||    69
         Robe              |       |       |    51 ||    51
  Dodge: Dodged            |    31 |    71 |    52 ||   154

Table legend:
 A = Non-vault XP
 B = Vault XP
 C = Vault XP percentage of total XP
 D = Non-vault monster count
 E = Vault monster count
 F = Vault count percentage of total count
                 A         B        C        D         E       F
            +---------+---------+-------+---------+---------+-------
      Total |    1030 |      46 |   4.3 |      88 |       2 |   2.2
            +---------+---------+-------+---------+---------+-------
        D:1 |      41 |       0 |   0.0 |      23 |       0 |   0.0
        D:2 |      42 |       0 |   0.0 |       9 |       0 |   0.0
        D:3 |     115 |       0 |   0.0 |      17 |       0 |   0.0
        D:4 |     261 |       0 |   0.0 |      20 |       0 |   0.0
        D:5 |     310 |       0 |   0.0 |      13 |       0 |   0.0
        D:6 |     261 |      46 |  15.0 |       6 |       2 |  25.0
            +---------+---------+-------+---------+---------+-------
